Map: Catalyst LE

Players

LiquidMaNa (MaNa)

  • Race: Protoss Protoss
  • League: Master
  • Spawn Location: 11:00

Bly - Winner!

  • Race: Zerg Zerg
  • League: Grandmaster
  • Spawn Location: 5:00

Event: HomeStory Cup XVI

VOD

Have the link to the VOD?

Description

Time

  • Played on: Nov. 11, 2017, 11:06 a.m.
  • Length: 9:43

All games in this series

Show
View Real Time Build Order
Export as new Build Order

LiquidMaNa Protoss 

Build Orders:  

Get SALT Encoding   

  12  0:02  Probe (Chrono Boost)  
  14  0:14  Probe (Chrono Boost)  
  14  0:19  Pylon  
  14  0:26  Probe (Chrono Boost)  
  15  0:37  Pylon  
  15  0:40  Probe (Chrono Boost)  
  16  0:57  Gateway  
  16  0:58  Gateway  
  16  1:08  Gateway  
  16  1:14  Probe (Chrono Boost)  
  17  1:19  Assimilator  
  18  1:26  Probe (Chrono Boost)  
  18  1:35  Zealot  
  18  1:36  Zealot  
  18  1:38  Probe (Chrono Boost)  
  19  1:46  Cybernetics Core  
  23  1:55  Zealot  
  23  1:58  Zealot  
  25  2:02  Zealot  
  29  2:12  Pylon  
  29  2:31  Shield Battery  
  29  2:33  Stalker, Shield Battery  
  31  2:39  Stalker  
  33  2:47  Shield Battery  
  33  2:51  Pylon  
  33  3:06  Stalker  
  34  3:14  Shield Battery  
  33  3:33  Probe (Chrono Boost)  
  31  3:44  Stalker  
  31  3:45  Probe (Chrono Boost)  
  31  3:50  Shield Battery  
  34  4:07  Pylon  
  29  4:21  Stalker  
  27  4:28  Shield Battery  
  27  4:38  Stalker  
  25  4:46  Stalker  
  27  4:56  Probe (Chrono Boost)  
  27  4:59  Shield Battery  
  28  5:02  Probe (Chrono Boost)  
  29  5:08  Shield Battery  
  29  5:15  Probe (Chrono Boost)  
  29  5:20  Sentry  
  29  5:21  Probe (Chrono Boost)  
  31  5:26  Assimilator  
  31  5:27  Warp Gate  
  32  5:29  Pylon  
  32  5:30  Probe (Chrono Boost)  
  33  5:42  Probe (Chrono Boost)  
  34  5:54  Probe (Chrono Boost)  
  35  5:57  Stalker  
  35  6:01  Zealot  
  39  6:08  Stalker  
  41  6:17  Shield Battery  
  42  6:19  Probe (Chrono Boost)  
  42  6:32  Probe (Chrono Boost)  
  43  6:39  Robotics Facility  
  43  6:44  Probe (Chrono Boost)  
  43  6:46  Shield Battery  
  42  6:56  Probe (Chrono Boost)  
  41  7:08  Probe (Chrono Boost)  
  34  7:15  Robotics Facility  
  28  7:17  Immortal  
  29  7:30  Zealot, Sentry  
  33  7:40  Stalker  
  33  7:44  Pylon  
  35  7:49  Shield Battery  
  35  7:55  Pylon  
  35  8:05  Immortal  
  34  8:24  Immortal  
  20  9:05  Warp Prism  
  22  9:36  Gateway  
Show
View Real Time Build Order
Export as new Build Order

Bly Zerg - Winner!

Build Orders: Hatch First 

Get SALT Encoding   

  12  0:01  Drone  
  13  0:12  Overlord  
  13  0:17  Drone  
  14  0:31  Drone  
  15  0:47  Hatchery  
  15  0:49  Drone  
  15  0:52  Drone  
  16  1:08  Spawning Pool  
  16  1:10  Drone  
  16  1:13  Drone  
  16  1:17  Extractor  
  16  1:26  Drone  
  16  1:30  Drone  
  18  1:43  Drone  
  19  1:52  Overlord  
  19  1:56  Queen  
  19  1:58  Zergling x2  
  22  2:03  Zergling x2  
  25  2:08  Spine Crawler  
  25  2:15  Roach Warren  
  21  2:16  Zergling x2  
  21  2:19  Drone  
  23  2:28  Zergling x2  
  24  2:32  Drone  
  24  2:35  Queen  
  27  2:44  Evolution Chamber  
  26  2:55  Roach x2  
  30  2:59  Overlord  
  30  3:16  Extractor  
  29  3:23  Roach x4  
  36  3:28  Roach  
  37  3:37  Ravager  
  36  3:47  Ravager  
  37  3:52  Overlord x2  
  35  4:13  Roach  
  35  4:14  Roach x2  
  35  4:16  Roach  
  41  4:27  Ravager  
  42  4:32  Spine Crawler  
  37  4:45  Roach  
  37  4:46  Roach  
  37  4:54  Roach  
  37  4:55  Roach  
  37  4:57  Ravager  
  42  5:04  Roach  
  42  5:16  Drone x3  
  45  5:23  Ravager  
  46  5:31  Overlord  
  46  5:52  Ravager  
  47  6:01  Roach x3  
  47  6:03  Drone  
  54  6:05  Overlord  
  54  6:28  Ravager x2  
  54  6:29  Zergling x6  
  59  6:36  Zergling x6  
  55  7:04  Zergling x10  
  54  7:12  Drone  
  55  7:20  Drone, Metabolic Boost  
  56  7:23  Hatchery  
  56  7:25  Spore Crawler  
  54  7:32  Drone  
  55  7:40  Drone  
  56  7:51  Drone  
  50  8:23  Drone x3  
  50  8:24  Drone x2  
  43  8:49  Roach x4  
  43  8:50  Overlord  
  42  9:03  Zergling x2  
  42  9:04  Zergling x6  
  46  9:18  Zergling x2  
  46  9:19  Zergling x4  
  46  9:20  Ravager  
  46  9:21  Ravager x3  
Tags
 
Add a new tag
Caveats
  • Supply blocks, unpowered buildings, or Contaminate may cause inaccurate times.
  • Supply counts are checked every 10 seconds.